 Dungeon Crawl Stone Soup version 0.14.0-12-g87ee3b7 (webtiles) character file.

128 Helmschank the Twirler (level 3, -7/21 HPs)
             Began as a Gargoyle Gladiator on Apr 16, 2014.
             Mangled by Sigmund
             ... wielding a +0,+0 scythe
              (9 damage)
             ... on Level 2 of the Dungeon.
             The game lasted 00:08:30 (1022 turns).

Helmschank the Twirler (Gargoyle Gladiator)         Turns: 1022, Time: 00:08:30

HP  -7/21        AC  9     Str 18      XL: 3   Next: 31%
MP   3/3         EV 18     Int  9      God:
Gold 94          SH  0     Dex 15      Spells:  0 memorised,  2 levels left

rFire  . . .     SeeInvis .     a - +0 quarterstaff
rCold  . . .     Clarity  .     j - +2 robe {MR+}
rNeg   + . .     Conserve .     (no shield)
rPois  +         rCorr    .     c - +0 helmet
rElec  +         rRot     +     (no cloak)
SustAb . .       Spirit   .     d - +0 pair of gloves
rMut   .         Warding  .     (no boots)
Saprov . . .     Stasis   .     (no amulet)
MR     +....                    (no ring)
                                (no ring)

@: agile, somewhat resistant to hostile enchantments, stealthy
A: life protection 1, electricity resistance, unbreathing, petrification
resistance, AC +3
a: no special abilities


You were on level 2 of the Dungeon.
You were hungry.

You visited 1 branch of the dungeon, and saw 2 of its levels.

You collected 94 gold pieces.

Inventory:

Hand weapons
 a - a +0,+0 quarterstaff (weapon)
Missiles
 m - 3 silver darts (quivered)
 p - 7 tomahawks
 T - 32 darts
 Y - 3 throwing nets
 Z - 20 exploding darts
Armour
 b - a +0 leather armour
 c - a +0 helmet (worn)
 d - a +0 pair of gloves (worn)
 j - a +2 robe of magic resistance (worn)
Comestibles
 f - a bread ration
 h - a rotting chunk of rat flesh
 l - a rotting chunk of rat flesh
 o - a chunk of bat flesh
 s - a chunk of quokka flesh
Scrolls
 i - 2 scrolls of identify {unknown}
 n - a scroll of enchant armour {unknown}
Jewellery
 e - an uncursed ring of positive energy {unknown}
Potions
 g - 2 potions of agility
 k - a potion of restore abilities {unknown}
 q - a potion of brilliance {unknown}
 r - a potion of mutation {unknown}


   Skills:
 - Level 2.1 Fighting
 * Level 4.7 Staves
 - Level 2.0 Throwing
 - Level 2.4 Dodging


You had 2 spell levels left.
You didn't know any spells.

Dungeon Overview and Level Annotations

Branches:
Dungeon (2/15)

Altars:

Annotations:
D:2 Sigmund


Innate Abilities, Weirdness & Mutations

You are resistant to torment.
You are immune to poison.
You are immune to rotting.
Your stone body is very resilient (AC +3).
You resist negative energy.
You are resistant to electric shocks.
You can survive without breathing.
You are immune to petrification.


Message History

Ouch! You feel less confused.
You hear some strange, mumbled words.
You are confused.
You completely miss something.
You hear a zap.
Something tries to affect you, but you resist.
You hear a zap.
Something tries to affect you, but you resist.
Ouch! Something hits you.
You feel less confused.
You hear some strange, mumbled words.
The puff of flame hits you!
* * * LOW HITPOINT WARNING * * *
The magic dart hits you!
* * * LOW HITPOINT WARNING * * *
Drink which item? (? for menu, Esc to quit)
You feel agile all of a sudden.
It was a potion of agility.
Something hits you!
You die...

#########...............
#.........%####........
#.#######...######.##.#
#.# #............ . #.#
#.......##.... #.#
#...###.# ## #.# #...#
#.# ## # #.#
#...###.##..#.#
#.#######.@...........#
#...............##..#.#
#########...####......#.
#...# #.#.......
##...####.#....#.#
#....)(...@.......
#....####.##.@.#.#
#....# #)# .... #....#
#.# .#.


There were no monsters in sight!

Vanquished Creatures
  A giant gecko (D:1)
  5 bats
  A giant cockroach (D:1)
  A goblin (D:2)
  5 hobgoblins
  7 kobolds
  A quokka (D:2)
  3 giant newts
  8 rats
32 creatures vanquished.

Notes
Turn   | Place    | Note
--------------------------------------------------------------
     0 | D:1      | Helmschank, the Gargoyle Gladiator, began the quest for the Orb.
     0 | D:1      | Reached XP level 1. HP: 12/12 MP: 1/1
   182 | D:1      | Reached XP level 2. HP: 17/17 MP: 2/2
   229 | D:1      | Reached skill level 4 in Staves
   810 | D:2      | Reached XP level 3. HP: 21/21 MP: 3/3
   993 | D:2      | Noticed Sigmund
  1022 | D:2      | Mangled by Sigmund

Action                   || total
-------------------------++-------
Melee: Quarterstaff      ||   115
Throw: Dart              ||     3
       Throwing net      ||     3
       Tomahawk          ||     1
  Use: Potion            ||     1
